 Dungeon Crawl Stone Soup version 0.28-a0-10-g964c8b829e (webtiles) character file.

Game seed: 7667169255596167831

809 ipx the Chiller (level 7, -3/36 HPs)
             Began as a Deep Elf Ice Elementalist on July 25, 2021.
             Was an Initiate of Sif Muna.
             Slain by a centaur (5 damage)
             ... on level 6 of the Dungeon.
             The game lasted 00:23:17 (1433 turns).

ipx the Chiller (Deep Elf Ice Elementalist)         Turns: 1433, Time: 00:23:17

Health: -3/36      AC:  2    Str:  5    XL:     7   Next: 61%
Magic:  7/14       EV: 12    Int: 22    God:    Sif Muna [......]
Gold:   119        SH:  0    Dex: 15    Spells: 2/13 levels left

rFire   . . .      SeeInvis .   b - +0 trident
rCold   . . .      Faith    .   (no shield)
rNeg    . . .      Spirit   .   h - +0 robe
rPois   .          Reflect  .   (no helmet)
rElec   .          Harm     .   d - scarf {repulsion}
rCorr   .          Rampage  .   (no gloves)
Will    .....                   (no boots)
Stlth   ++........              (no amulet)
HPRegen 0.12/turn               (no ring)
MPRegen 0.14/turn               (no ring)

@: repel missiles
A: no striking features
a: Renounce Religion


You were on level 6 of the Dungeon.
You worshipped Sif Muna.
Sif Muna was noncommittal.
You visited 2 branches of the dungeon, and saw 8 of its levels.

You collected 119 gold pieces.

Inventory:

Hand Weapons
 b - a +0 trident (weapon)
Missiles
 n - 5 poisoned darts (quivered)
Armour
 d - a scarf of repulsion (worn)
 h - a +0 robe (worn)
Magical Staves
 a - a staff of cold
Wands
 k - a wand of acid (2)
Scrolls
 e - a scroll of fear {unknown}
 j - a scroll of teleportation {unknown}
Potions
 g - 3 potions of haste
 i - 2 potions of brilliance {unknown}
 l - a potion of invisibility {unknown}
 m - a potion of heal wounds {unknown}


   Skills:
 - Level 2.4 Dodging
 - Level 2.4 Stealth
 - Level 3.5 Spellcasting
 + Level 6.4 Conjurations
 + Level 7.1 Ice Magic
 - Level 3.0 Evocations


You had 2 spell levels left.
You knew the following spells:

 Your Spells              Type           Power      Damage    Failure   Level
h - Hailstorm             Conj/Ice       33%        3d8       7%          4
o - Ozocubu's Armour      Ice            35%        N/A       1%          3
r - Frozen Ramparts       Ice            70%        1d9       1%          3
z - Freeze                Ice            100%       1d11      1%          1

Your spell library contained the following spells:

 Spells                   Type           Power      Damage    Failure   Level


Dungeon Overview and Level Annotations

Branches:
Dungeon (7/15)             Temple (1/1) D:4

Altars:
Cheibriados
Dithmenos
Elyvilon
Fedhas
Hepliaklqana
Makhleb
Nemelex Xobeh
Okawaru
Qazlal
Sif Muna
Trog
Uskayaw
Vehumet
Wu Jian
Xom
Yredelemnul

Annotations:
D:7 exclusions: cyclops and ice beast


Message History

Press: ? - help, Shift-Dir - straight line, f - white imp
Aim: a white imp (74% to hit)
The bolt of acid hits the white imp.
The white imp is splashed with acid.
The white imp is almost dead.
b - a +0 trident (weapon)
Reach: b) +0 trident
Press: ? - help, Dir - move target, f/p - white imp
Aim: a white imp (almost dead, about 44% to evade your +0 trident)
You reach to attack!
You closely miss the white imp.
The white imp is almost dead.
The white imp gestures at you.
The puff of frost is repelled.
You barely miss the white imp.
The white imp is almost dead.
The white imp gestures at you. The puff of frost hits you!
* * * LOW HITPOINT WARNING * * *
Aiming: Corrosive Bolt
Press: ? - help, Shift-Dir - straight line, f/p - white imp
Aim: a white imp (almost dead, 74% to hit)
The bolt of acid misses the white imp.
The white imp hits you but does no damage.
Aiming: Corrosive Bolt
Press: ? - help, Shift-Dir - straight line, f/p - white imp
Aim: a white imp (almost dead, 74% to hit)
The bolt of acid hits the white imp!!
The white imp is splashed with acid!
You kill the white imp!
Sif Muna accepts your kill.
You hear an angry hiss.
You see here a +0 club.
Things that are here:
a +0 trident; a +0 chain mail You open the door.
A centaur comes into view.
The centaur shouts!
You hear a shout! x4
The centaur wields a +0 shortbow.
The centaur shoots an arrow.
The arrow hits you.
* * * LOW HITPOINT WARNING * * *
The centaur unwields a +0 shortbow.
The centaur hits you.
You die...

##...# .... ##...#
#......+....#
###########......####'#
.................##..†##
.......##......##....#
.....##.[....##....+
#.c.##.......(....#
##@###......(....##
#...+......(.....# ###
#...##....(.##..... ..
#...##......#...... .#
#...#.......#.#.... .#
#...#.......#. .... .#
#...#.......#. ....
.##... #...##.....##
#... .......
#...##.....#


You could see a centaur.

Vanquished Creatures
  2 water moccasins
  A phantom (D:5)
  4 scorpions
  2 hounds
  An iron imp (D:4)
  A jelly (D:4)
  An iguana (D:6)
  3 orc wizards
  An adder (D:3)
  A white imp (D:6)
  An ufetubus (D:5)
  An adder skeleton (D:4)
  6 orcs
  5 bats
  4 endoplasms
  6 goblins
  4 hobgoblins
  3 jackals (D:1)
  2 quokkas (D:1)
  7 ball pythons
  A frilled lizard (D:3)
  3 kobolds
  4 rats
64 creatures vanquished.

Notes
Turn   | Place    | Note
-------+----------+-------------------------------------------
     0 | D:1      | ipx the Deep Elf Ice Elementalist began the quest for the
                  | Orb.
     0 | D:1      | Reached XP level 1. HP: 10/10 MP: 6/6
     2 | D:1      | Noticed a naga
     4 | D:1      | Noticed a troll
     4 | D:1      | Noticed a tengu
     6 | D:1      | Noticed a human
     6 | D:1      | Noticed a djinni
     8 | D:1      | Noticed a dwarf
     8 | D:1      | Noticed a ghoul
    10 | D:1      | Noticed a spriggan
    12 | D:1      | Noticed a barachi
    12 | D:1      | Noticed an ogre
    14 | D:1      | Noticed a minotaur
    14 | D:1      | Noticed a palentonga
    16 | D:1      | Noticed a draconian
    18 | D:1      | Noticed a gargoyle
    18 | D:1      | Noticed a formicid
    20 | D:1      | Noticed a felid
    20 | D:1      | Noticed a demonspawn
    22 | D:1      | Noticed an octopode
    22 | D:1      | Noticed a merfolk
    24 | D:1      | Noticed a vine stalker
    24 | D:1      | Noticed a demigod
    26 | D:1      | Noticed an elf
    26 | D:1      | Noticed a vampire
   107 | D:1      | Reached XP level 2. HP: 15/15 MP: 5/8
   124 | D:1      | Found a faded altar of an unknown god.
   130 | D:1      | Reached skill level 5 in Ice Magic
   178 | D:2      | Found a white marble altar of Elyvilon.
   342 | D:2      | Reached XP level 3. HP: 19/19 MP: 7/9
   346 | D:2      | Learned a level 3 spell: Ozocubu's Armour
   350 | D:2      | Learned a level 3 spell: Frozen Ramparts
   640 | D:4      | Noticed a scorpion
   645 | D:4      | Killed a scorpion
   646 | D:4      | Reached skill level 6 in Ice Magic
   646 | D:4      | Reached XP level 4. HP: 24/24 MP: 2/10
   658 | D:4      | Noticed a black bear
   730 | D:5      | Entered Level 5 of the Dungeon
   798 | D:4      | Reached skill level 1 in Evocations
   798 | D:4      | Reached XP level 5. HP: 26/28 MP: 4/12
   803 | D:4      | Learned a level 4 spell: Hailstorm
   809 | D:4      | Identified the +0 plate armour of Keodd {rPois rC+ rN+
                  | Int-3}
   873 | D:4      | Found a burning altar of Makhleb.
   913 | D:4      | Reached skill level 1 in Conjurations
   983 | D:4      | Found a staircase to the Ecumenical Temple.
   989 | Temple   | Entered the Ecumenical Temple
   994 | Temple   | Became a worshipper of Sif Muna the Loreminder
  1041 | D:4      | Found a snail-covered altar of Cheibriados.
  1054 | D:4      | Reached XP level 6. HP: 30/32 MP: 7/13
  1119 | D:5      | Noticed a water moccasin
  1126 | D:5      | Killed a water moccasin
  1204 | D:5      | Reached skill level 5 in Conjurations
  1204 | D:5      | Reached XP level 7. HP: 29/36 MP: 8/14
  1281 | D:7      | Found a radiant altar of Vehumet.
  1292 | D:7      | Found an iron altar of Okawaru.
  1309 | D:7      | Noticed a cyclops
  1329 | D:7      | Identified a scroll of acquirement
  1342 | D:7      | Acquired a staff of cold
  1391 | D:6      | Reached skill level 7 in Ice Magic
  1433 | D:6      | Slain by a centaur

Illustrated notes

Levels and vault maps discovered:
D:1:      kb_arrival_jail, layout_basic,
          shapermc_ecumenical_altar_starsandcircs, grunt_decor_clamped
D:2:      minmay_evil_eye, layout_loops_ring, basic_altar
D:3:      layout_basic, chequers_serial_rivers_large_a,
          minmay_misc_feat_enclosed
D:4:      layout_loops_ring, mainiacjoe_overflow_surrounded_room, slow_altar_1,
          nicolae_overflow_hidden_temple, minmay_temple_entry_hall
D:5:      layout_basic, serial_park_tiny_1, minivault_11
D:6:      minmay_spotlight, layout_gridville, serial_shops, shop, uniq_menkaure
D:7:      layout_cave_pods, general_overflow_altar, okawaru_humans,
          mainiacjoe_overflow_small_starburst
Temple:   minmay_freezing_vapour_temple

Skill      XL: |  1  2  3  4  5  6  7 |
---------------+----------------------+-----
Ice Magic      | 5 6 7 |  7.1
Evocations     | 1 2 3 |  3.0
Conjurations   | 2 5 6 |  6.4
Dodging        | |  2.4
Stealth        | |  2.4
Spellcasting   | |  3.5

Action                   |  1- 3 |  4- 6 |  7- 9 || total
-------------------------+-------+-------+-------++-------
Melee: Trident           |     1 |    17 |     2 ||    20
       Staff             |       |       |     3 ||     3
Throw: Dart              |     8 |     2 |     7 ||    17
 Cast: Freeze            |    46 |    12 |     7 ||    65
       Frozen Ramparts   |     2 |     6 |     3 ||    11
       Ozocubu's Armour  |     2 |     6 |     2 ||    10
Evoke: Wand              |       |     4 |     3 ||     7
  Use: Scroll            |       |       |     3 ||     3
       Potion            |       |       |     2 ||     2
Armor: Robe              |     7 |     7 |     3 ||    17
Dodge: Dodged            |    18 |    20 |     5 ||    43
       Repelled          |       |       |     1 ||     1

Table legend: (Time is in decaauts)
 A = Elapsed time spent in this place.
 B = Non-inter-level travel time spent in this place.
 C = Inter-level travel time spent in this place.
 D = Time resting spent in this place.
 E = Time spent auto-exploring this place.
 F = Levels seen in this place.
 G = Mean time per level.
                   A        B        C        D        E       F      G
               +--------+--------+--------+--------+--------+-----+--------+
         Total |   1448 |   1426 |     22 |     12 |      0 |   8 |  181.0 |
       Dungeon |   1437 |   1415 |     22 |     12 |      0 |   7 |  205.3 |
        Temple |     10 |     10 |      0 |      0 |      0 |   1 |   10.0 |
               +--------+--------+--------+--------+--------+-----+--------+

Top non-repeatable levels by time:
     D:4: 344 daAuts
     D:3: 306 daAuts
     D:1: 304 daAuts
     D:5: 177 daAuts
     D:6: 126 daAuts
     D:7: 93 daAuts
     D:2: 85 daAuts
  Temple: 10 daAuts
